 Dungeon Crawl Stone Soup version 0.23.1 (webtiles) character file.

Game seed: 0

591 Borgoz the Ducker (level 7, -8/60 HPs)
             Began as a Ghoul Monk on Mar 17, 2019.
             Was a Believer of Ashenzari.
             Mangled by an orc priest
             ... wielding a +1 dagger of electrocution
              (10 damage)
             ... on level 5 of the Dungeon.
             The game lasted 00:12:22 (4854 turns).

Borgoz the Ducker (Ghoul Monk)                      Turns: 4854, Time: 00:12:23

Health: -8/60      AC: 13    Str: 13 (15) XL:     7   Next: 39%
Magic:  6/6        EV: 12    Int:  5 (6)  God:    Ashenzari [**....]
Gold:   120        SH:  0    Dex: 11 (12) Spells: 6/6 levels left

rFire    + . .     SeeInvis .   t - +1 dagger (protect)
rCold    + . .     Gourm    .   (no shield)
rNeg     + + +     Faith    .   m - +0 ring mail {rF+}
rPois    ∞         Spirit   .   (no helmet)
rElec    .         Reflect  .   n - +0 cloak
rCorr    .         Harm     .   (no gloves)
MR       .....                  (no boots)
Stlth    ++........             (no amulet)
HPRegen  0.00/turn              (no ring)
MPRegen  0.10/turn              (no ring)

@: protection aura, rotting
A: rotting body, claws 1, carnivore, cold resistance 1, negative energy
resistance 3, inhibited regeneration, torment resistance, unbreathing
a: Curse Item, Scrying, Renounce Religion


You were on level 5 of the Dungeon.
You worshipped Ashenzari.
Ashenzari was pleased with you.
You were not hungry.

You visited 2 branches of the dungeon, and saw 6 of its levels.

You collected 267 gold pieces.
You spent 147 gold pieces at shops.

Inventory:

Hand Weapons
 t - a +1 dagger of protection (weapon)
Armour
 f - a +2 chain mail of fire resistance
 m - a +0 ring mail of fire resistance (worn)
 n - a +0 cloak (worn)
Scrolls
 d - a scroll of enchant armour
 e - a scroll of amnesia {unknown}
 g - a scroll of immolation {unknown}
 h - 4 scrolls of remove curse
 i - a scroll of blinking {unknown}
 j - a scroll of fog {unknown}
 p - a scroll of magic mapping {unknown}
 s - a scroll of fear {unknown}
Potions
 o - a potion of cancellation
 r - 3 potions of brilliance
Comestibles
 c - 7 rations


   Skills:
 + Level 4.4 Fighting
 * Level 4.3 Short Blades
 * Level 3.2 Armour
 * Level 4.4 Dodging
 + Level 3.8 Stealth


You had 6 spell levels left.
You didn't know any spells.
Your spell library was empty.

Dungeon Overview and Level Annotations

Branches:
Dungeon (5/15)             Temple (1/1) D:4

Altars:
Ashenzari
Cheibriados
Dithmenos
Elyvilon
Fedhas
Kikubaaqudgha
Makhleb
Qazlal
Sif Muna
Trog
Wu Jian
Yredelemnul
Zin
The Shining One

Shops:
D:4 *

Annotations:
D:3 1 runed translucent door, grocchini's ghost, weakling FoAK
D:5 Eustachio; Sigmund


Innate Abilities, Weirdness & Mutations

Your body is rotting away.
You thrive on raw meat.
You are immune to poison.
You have sharp fingernails.
You are carnivorous and can eat meat at any time.
Your flesh is cold resistant. (rC+)
You are immune to negative energy. (rN+++)
You do not regenerate when monsters are visible.
You are immune to unholy pain and torment.
You can survive without breathing.


Message History

The orc priest hits you but does no damage.
You hit the orc priest.
The orc priest is moderately wounded.
The orc priest hits you but does no damage.
You hit the orc priest but do no damage.
The orc priest is moderately wounded.
The orc priest barely misses you.
You barely miss the orc priest.
The orc priest is moderately wounded.
You closely miss the orc priest.
The orc priest is moderately wounded.
The orc priest hits you but does no damage.
You closely miss the orc priest.
The orc priest is moderately wounded.
The orc priest barely misses you.
You hit the orc priest but do no damage.
The orc priest is moderately wounded.
The orc priest hits you but does no damage.
You are electrocuted!
You die...

###............., *
....####.###.##., *
######.......# * #
#.#.##..# , , #
#)#.##.... * #
#<#.##.### * *, #
###o#.##<# * #
...oo.##.# ####### # *
##a...oo# #@....#
..........# #o....# ,
*
,....#.."..........#,
* *
,,,.o..#.....###.....#
$#..#.(..## #.....#, ,
...... *####### * ,
...#.## , ...o..# , ,
,


You could see an orc priest.

Vanquished Creatures
  An ogre (D:4)
  A scorpion (D:4)
  3 orc priests
  An orc wizard (D:3)
  A bullfrog skeleton (D:5)
  Ijyb (D:4)
  An iguana (D:4)
  Natasha (D:4)
  3 worker ants (D:4)
  Terence (D:2)
  2 gnolls (D:3)
  6 adders
  An ooze (D:2)
  4 worms
  A dart slug (D:2)
  A leopard gecko (D:3)
  10 orcs
  3 bats
  A giant cockroach (D:2)
  6 goblins
  2 hobgoblins (D:1)
  3 jackals (D:3)
  A ball python (D:2)
  3 frilled lizards
  3 kobolds
  A leopard gecko zombie (D:5)
  6 rats
68 creatures vanquished.

Notes
Turn   | Place    | Note
-------+----------+-------------------------------------------
     0 | D:1      | Borgoz the Ghoul Monk began the quest for the Orb.
     0 | D:1      | Reached XP level 1. HP: 19/19 MP: 0/0
   177 | D:1      | Reached XP level 2. HP: 26/26 MP: 1/1
   554 | D:2      | Found an ancient bone altar of Kikubaaqudgha.
   590 | D:2      | Noticed Terence
   608 | D:2      | Killed Terence
   608 | D:2      | Reached skill level 1 in Armour
   608 | D:2      | Reached XP level 3. HP: 9/31 MP: 2/2
   944 | D:2      | Reached XP level 4. HP: 35/39 MP: 3/3
  1060 | D:2      | Found an ornate altar of the Wu Jian Council.
  1106 | D:2      | Found a blossoming altar of Fedhas.
  1292 | D:2      | Noticed a moth of wrath
  1294 | D:2      | Found a bloodstained altar of Trog.
  1558 | D:2      | Found a glowing silver altar of Zin.
  1641 | D:3      | Noticed grocchini's ghost (weakling FoAK)
  1732 | D:3      | Found a runed translucent door.
  2250 | D:3      | Reached XP level 5. HP: 25/45 MP: 4/4
  2598 | D:4      | HP: 1/46 [gnoll/+0 halberd of freezing (3)]
  2859 | D:4      | Reached XP level 6. HP: 41/51 MP: 5/5
  3685 | D:5      | Entered Level 5 of the Dungeon
  3965 | D:4      | Found a staircase to the Ecumenical Temple.
  3987 | D:4      | Reached XP level 7. HP: 15/59 MP: 6/6
  4000 | Temple   | Entered the Ecumenical Temple
  4124 | Temple   | Became a worshipper of Ashenzari the Shackled
  4124 | Temple   | Reached * piety under Ashenzari
  4124 | Temple   | Reached ** piety under Ashenzari
  4221 | D:4      | Found Leegg's Assorted Antiques.
  4227 | D:4      | Noticed Ijyb
  4229 | D:4      | Paralysed by Ijyb for 2 turns
  4289 | D:4      | Killed Ijyb
  4296 | D:4      | Bought a scroll of identify for 42 gold pieces
  4296 | D:4      | Bought a runed dagger for 105 gold pieces
  4390 | D:4      | Noticed Natasha
  4409 | D:4      | Killed Natasha
  4653 | D:5      | Noticed Eustachio
  4666 | D:5      | Noticed Sigmund
  4845 | D:5      | HP: 2/60 [orc priest/+1 dagger of electrocution (20)]
  4854 | D:5      | Mangled by an orc priest

Skill      XL: |  1  2  3  4  5  6  7 |
---------------+----------------------+-----
Short Blades   | 3 4 |  4.3
Armour         | 1 2 3 |  3.2
Dodging        | 3 4 |  4.4
Stealth        | 3 |  3.8
Fighting       | 4 |  4.4

Action                   |  1- 3 |  4- 6 |  7- 9 || total
-------------------------+-------+-------+-------++-------
Melee: Short sword       |    88 |   307 |    72 ||   467
       Dagger            |       |       |   160 ||   160
  Use: Potion            |     2 |     5 |     2 ||     9
       Scroll            |       |     5 |     2 ||     7
 Stab: Sleeping          |     2 |       |     2 ||     4
       Invisible         |     3 |       |       ||     3
  Eat: Chunk             |     8 |    20 |     8 ||    36
Armor: Robe              |    10 |       |       ||    10
       Scale mail        |     4 |    91 |       ||    95
       Ring mail         |       |    16 |    80 ||    96
Dodge: Dodged            |    59 |   136 |   115 ||   310
